 Dungeon Crawl Stone Soup version 0.29.1-15-g9cfb28693d (webtiles) character file.

Game seed: 11246003047236842754

795 leafyfresh the Covert (level 7, -5/73 HPs)
             Began as an Octopode Delver on Mar 3, 2023.
             Slain by Pikel
             ... wielding a +2 whip of electrocution
              (20 damage)
             ... on level 4 of the Dungeon.
             The game lasted 00:10:04 (4549 turns).

leafyfresh the Covert (Octopode Delver)             Turns: 4549, Time: 00:10:04

Health: -5/73      AC: 23    Str: 15    XL:     7   Next: 89%
Magic:  8/8        EV: -1    Int: 13    God:
Gold:   156        SH:  0    Dex: 19    Spells: 1/7 levels left

rFire   . . .      SeeInvis .   y - +2 dagger (drain)
rCold   . . .      Faith    .   (no shield)
rNeg    . . .      Spirit   .   (helmet currently unavailable)
rPois   +          Reflect  .   s - amulet of regeneration
rElec   .          Harm     .   k - +6 ring of dexterity
rCorr   .          Rampage  .   (no ring)
Will    .....      NoTele   +   (no ring)
Stlth   ++++......              (no ring)
HPRegen 1.02/turn               (no ring)
MPRegen 0.11/turn               (no ring)
                                (no ring)
                                (no ring)

@: mighty, tree-form (expiring), grasped by roots, constricted
A: stationary, stasis, torment immunity, boosted hp, almost no armour,
(amphibious), 8 rings, (camouflage 1), (gelatinous body 1), (nimble swimmer 1),
(tentacles), (antennae 1), strong 1, MP-powered wands
a: no special abilities


You were on level 4 of the Dungeon.
You were a tree.
You visited 1 branch of the dungeon, and saw 5 of its levels.
You also visited: Sewer.

You collected 156 gold pieces.

Inventory:

Hand Weapons
 a - a +0 short sword
 h - a +0 dagger of venom
 i - a +0 vorpal mace
 y - a +2 dagger of draining (weapon)
Missiles
 B - a throwing net (quivered)
Magical Staves
 x - a staff of death
Jewellery
 k - a +6 ring of dexterity (left branch)
 s - an amulet of regeneration (around neck)
 u - an amulet of faith
Wands
 f - a wand of digging (3)
 v - a wand of polymorph (9)
Scrolls
 b - a scroll of fog
 c - a scroll of magic mapping
 e - 6 scrolls of teleportation
 j - 2 scrolls of immolation
 n - 2 scrolls of blinking
 q - 2 scrolls of enchant weapon {unknown}
 t - 4 scrolls of noise
 w - a scroll of vulnerability
 C - a scroll of identify
Potions
 d - 2 potions of invisibility
 g - a potion of mutation
 l - a potion of resistance {unknown}
 m - a potion of heal wounds {unknown}
 o - 2 potions of curing {unknown}
 p - 2 potions of flight
 r - a potion of might
 A - a potion of haste


   Skills:
 - Level 4.8 Fighting
 - Level 2.0 Short Blades
 - Level 4.2 Dodging
 - Level 8.5 Stealth
 - Level 0.7 Spellcasting
 + Level 5.0 Transmutations


You had one spell level left.
You knew the following spells:

 Your Spells              Type           Power      Damage    Failure   Level
a - Statue Form           Tmut/Erth      4%         N/A       100%        6

Your spell library contained the following spells:

 Spells                   Type           Power      Damage    Failure   Level
 Blink                    Tloc           0%         N/A       41%         2
 Lesser Beckoning         Tloc           0%         N/A       65%         3
 Petrify                  Tmut/Erth      7%         N/A       71%         4
 Anguish                  Hex/Necr       0%         N/A       96%         4
 Manifold Assault         Tloc           0%         N/A       100%        5
 Metabolic Englaciation   Hex/Ice        0%         N/A       100%        5
 Enfeeble                 Hex            0%         N/A       100%        7


Dungeon Overview and Level Annotations

Branches:
Dungeon (5/15)              Sewer (visited)
 Temple: D:4-7

Altars:
Cheibriados
Makhleb

Annotations:
D:4 Pikel


Innate Abilities, Weirdness & Mutations

You are a tree.
Your roots penetrate the ground, keeping you stationary.
You cannot be teleported.
You are immune to unholy pain and torment.
Your maximum health is greatly increased.
You cannot wear most types of armour.
((You are amphibious.))
You can wear up to eight rings at the same time.
((Your skin changes colour to match your surroundings (Stealth+).))
((Your rubbery body absorbs attacks. (AC +1, EV +1)))
((You are camouflaged when in or above water. (Stealth+)))
((You have tentacles for arms and can constrict up to eight enemies at once.))
((You have a pair of small antennae on your head.))
Your muscles are strong. (Str +4, Int/Dex -1)
You expend magic power (3 MP) to strengthen your wands.


Message History

Pikel is lightly wounded.
Pikel hits you with a +2 whip of electrocution.
You are electrocuted!
The grasping roots constrict you.
The grasping roots release their grip on you.
You hit Pikel.
Pikel is lightly wounded.
Pikel zaps a wand.
The roots erupt in riotous growth!
The grasping roots grab you!
Pikel is unaffected.
The grasping roots constrict you.
You hit Pikel but do no damage.
Pikel is lightly wounded.
Pikel hits you but does no damage.
You are electrocuted!
* * * LOW HITPOINT WARNING * * *
The grasping roots constrict you!
* * * LOW HITPOINT WARNING * * *
You hit Pikel. You drain Pikel.
Pikel is moderately wounded.
Pikel hits you but does no damage. The grasping roots constrict you.
You hit Pikel. You drain Pikel.
Pikel is heavily wounded.
You hit Pikel.
Pikel is heavily wounded.
Pikel hits you with a +2 whip of electrocution.
* * * LOW HITPOINT WARNING * * *
The grasping roots constrict you.
The grasping roots release their grip on you.
Unknown command.
It was a potion of flight.
Your roots keep you in place.
Pikel hits you but does no damage.
It was a potion of might.
You feel very mighty all of a sudden.
Pikel zaps a wand.
The roots erupt in riotous growth!
The grasping roots grab you!
Pikel is unaffected.
The grasping roots constrict you.
Unknown command.
You hit Pikel but do no damage. You drain Pikel.
Pikel is severely wounded.
Your transformation is almost over.
Pikel hits you but does no damage.
You are electrocuted!!
You die...

#..†.##.###.#
###....##.###.#
#.............#
#.............#
#.......#.##.##
###...###.##.## ########
##...###.....##
#......###..............
#......♣K55.########..#.
#>.###.###5...........#.
#..# #.# #..########...#
#..# #.# #).# #..## #..#
#.###)(########.#.# #..#
#<................. #..#
#####..########.### #†.#
#..# #.# #
#..#######..########.# #


You could see Pikel (very drained) and 3 lemures.

Vanquished Creatures
  A lemure (D:4)
  A phantom (D:4)
  2 bullfrogs (Sewer)
  A scorpion (D:4)
  4 orc priests
  Terence (D:2)
  An orc wizard (D:3)
  4 gnolls (D:4)
  15 adders
  7 river rats
  4 worms
  4 dart slugs
  7 orcs
  18 ball pythons
  4 bats
  3 endoplasms
  2 giant cockroaches (D:2)
  5 hobgoblins
  4 jackals (D:4)
  2 quokkas
  4 frilled lizards
  9 goblins
  8 kobolds
  28 rats
139 creatures vanquished.

Vanquished Creatures (others)
  10 plants
10 creatures vanquished.

Grand Total: 149 creatures vanquished

Notes
Turn   | Place    | Note
-------+----------+-------------------------------------------
     0 | D:5      | leafyfresh the Octopode Delver began the quest for the Orb.
     0 | D:5      | Reached XP level 1. HP: 16/16 MP: 1/1
    40 | D:4      | Noticed an orc priest
   337 | D:3      | Reached XP level 2. HP: 21/21 MP: 2/2
   403 | D:3      | Reached skill level 7 in Stealth
   403 | D:3      | Reached XP level 3. HP: 23/26 MP: 3/3
   409 | D:3      | Found a glowing drain.
   417 | Sewer    | Entered a sewer
   604 | Sewer    | Reached XP level 4. HP: 32/32 MP: 4/4
   975 | Sewer    | Reached XP level 5. HP: 14/37 MP: 5/5
  1286 | Sewer    | Reached skill level 8 in Stealth
  1311 | Sewer    | Gained mutation: You expend magic power (3 MP) to
                  | strengthen your wands. [potion of mutation]
  1311 | Sewer    | Gained mutation: You have a pair of small antennae on your
                  | head. [potion of mutation]
  1311 | Sewer    | Gained mutation: Your muscles are strong. (Str +4, Int/Dex
                  | -1) [potion of mutation]
  1325 | Sewer    | Reached XP level 6. HP: 10/44 MP: 6/6
  2041 | D:2      | Found a snail-covered altar of Cheibriados.
  2288 | D:2      | Noticed Terence
  2293 | D:2      | Killed Terence
  2700 | D:1      | Found a faded altar of an unknown god.
  2749 | D:1      | You fall into a shaft and drop 1 floor!
  3154 | D:1      | Learned a level 6 spell: Statue Form
  3288 | D:3      | Reached skill level 1 in Transmutations
  3321 | D:3      | Reached XP level 7. HP: 49/49 MP: 8/8
  3927 | D:4      | Noticed Pikel
  4112 | D:4      | Found a burning altar of Makhleb.
  4392 | D:4      | Reached skill level 5 in Transmutations
  4549 | D:4      | Slain by Pikel

Illustrated notes

Levels and vault maps discovered:
D:1:      moated_graveyard_arrival, layout_basic,
          hellmonk_ecumenical_altar_heavens_door
D:2:      layout_loops_cross, basic_altar, grunt_ministairs_7, uniq_terence
D:3:      layout_loops_cross, lightli_sewer_entry_pipes, chequers_big_river
D:4:      layout_loops_ring, nicolae_overflow_crystal_walls,
          corexii_checkpoint_a, guppyfry_early_lair_pool, uniq_pikel
D:5:      layout_rooms, gammafunk_ghost_necromancy

Skill      XL: |  1  2  3  4  5  6  7 |
---------------+----------------------+-----
Stealth        | 7 8 |  8.5
Dodging        | 3 4 |  4.2
Fighting       | 4 |  4.8
Transmutations | 1 5 |  5.0
Short Blades   | |  2.0
Spellcasting   | |  0.7

Action                   |  1- 3 |  4- 6 |  7- 9 || total
-------------------------+-------+-------+-------++-------
Melee: Short sword       |     4 |       |       ||     4
       Constrict         |     7 |    37 |    20 ||    64
       Dagger            |    20 |   165 |    92 ||   277
       Tentacles         |     7 |    30 |    18 ||    55
       Punch             |       |     3 |       ||     3
  Use: Potion            |       |     3 |     3 ||     6
       Scroll            |       |     1 |     7 ||     8
 Stab: Sleeping          |     5 |    27 |    12 ||    44
Armor: Skin              |       |    20 |     9 ||    29
Dodge: Dodged            |    10 |   104 |    29 ||   143
